Cogmind - Beta 11 @@@ ROGUE MODE // 2022.04.02 @ 15:31:46 Player: Shadow Pussy wanter Result: Destroyed by S-27 Virus with Autogun Performance ------------- Evolutions (6) 3000 Regions Visited (10) 2000 Robots Destroyed (40) 200 Value Destroyed (1400) 1400 Prototype IDs (26) 520 Alien Tech Used (0) 0 Bonus (300) 300 TOTAL SCORE: 7420 Bonus ------- Aligned with FarCom 300 Cogmind --------- Core Integrity 0/1150 Matter 90/300 Energy 149/150 System Corruption 16% Temperature Cool (2) Movement Hovering (60) Location -4/Upper Caves Parts ------- > --- POWER (1) -------- Micro Fission Core > --- PROPULSION (6) --- Antigrav System > --- UTILITY (9) ------ Authchip [Processor] > --- WEAPON (3) ------- (None) > --- INVENTORY (5) ---- Neutrino Core Advanced Signal Interpreter Advanced ECM Suite System Shield Hypervelocity Gauss Cannon Peak State ------------ > --- POWER ------------ Angular Momentum Engine > --- PROPULSION ------- Combat Airjet Combat Airjet Gravmag Array Gravmag Array > --- UTILITY ---------- Improved Heat Sink Cooling System Advanced Coolant Injector Large Storage Unit Improved Signal Interpreter Advanced Terrain Scan Processor Seismic Detector Hardened Light Armor Plating Hacking Suite > --- WEAPON ----------- Phase Cannon Heavy Machine Gun Heavy Machine Gun > --- INVENTORY -------- Neutrino Core Combat Airjet Gravmag Array Xenon Bombardment Thruster Nuclear Pulse Thruster Small Storage Unit Advanced Signal Interpreter Advanced ECM Suite Supersonic Drone Bay Plasma Rifle Proton Cannon Phase Cannon Railgun Rocket Array [Rating: 83] Favorites ----------- Power Angular Momentum Engine Engine Angular Momentum Engine Power Core Micro Fission Core Propulsion Light Treads Treads Light Treads Leg Carbon-fiber Leg Wheel Compact Wheel Hover Unit Combat Airjet Flight Unit Xenon Bombardment Thruster Utility Large Storage Unit Device Improved Terrain Scanner Storage Large Storage Unit Processor Improved Signal Interpreter Hackware Hacking Suite Protection Hardened Light Armor Plating Weapon Light Assault Rifle Energy Gun Improved Medium Laser Energy Cannon Particle Cannon Ballistic Gun Light Assault Rifle Ballistic Cannon Hypervelocity Gauss Cannon Launcher Rocket Launcher Build | -11 -10 -10 -10 -9 -8 -7 -6 -5 -4 -4 ------- Run | Scr Mat Min Exi Min Mat Fac Fac Fac Fac Upp Slots Evolved 12 | . . . . . 4 2 2 2 2 . Power . | . . . . . . . . . . . Propulsion 4 | . . . . . 2 2 . . . . Utility 7 | . . . . . 2 . 2 1 2 . Weapon 1 | . . . . . . . . 1 . . Parts Attached 63 | 7 1 1 . . 9 3 15 5 10 12 Power 5 | 1 . 1 . . 1 . 1 . . 1 Engine 4 | 1 . 1 . . 1 . 1 . . . Core 1 | . . . . . . . . . . 1 Reactor . | . . . . . . . . . . . Propulsion 20 | 2 . . . . 3 2 7 . 4 2 Treads 3 | 1 . . . . 1 1 . . . . Leg 4 | . . . . . 2 1 1 . . . Wheel 1 | 1 . . . . . . . . . . Hover 10 | . . . . . . . 6 . 2 2 Flight 2 | . . . . . . . . . 2 . Utility 21 | 2 1 . . . 2 1 4 3 2 6 Device 6 | 1 . . . . 1 . 2 . 2 . Storage 3 | 1 1 . . . . . . . . 1 Processor 7 | . . . . . 1 1 1 1 . 3 Hackware 3 | . . . . . . . 1 . . 2 Protection 2 | . . . . . . . . 2 . . Artifact . | . . . . . . . . . . . Weapon 17 | 2 . . . . 3 . 3 2 4 3 Energy Gun 2 | . . . . . . . 1 . 1 . Energy Cannon 5 | . . . . . 2 . 1 1 1 . Ballistic Gun 5 | 2 . . . . . . 1 1 1 . Ballistic Cannon 3 | . . . . . . . . . . 3 Launcher 2 | . . . . . 1 . . . 1 . Special Weapon . | . . . . . . . . . . . Impact Weapon . | . . . . . . . . . . . Slashing Weapon . | . . . . . . . . . . . Piercing Weapon . | . . . . . . . . . . . Special Melee Weapon . | . . . . . . . . . . . Unidentified Prototypes 3 | . . . . . . . 2 . 1 . Parts Lost 24 | . . 1 . . 1 . 3 . 18 1 Power 2 | . . 1 . . . . . . 1 . Propulsion 12 | . . . . . 1 . 2 . 8 1 Utility 5 | . . . . . . . 1 . 4 . Weapon 5 | . . . . . . . . . 5 . Highest Loss Streak 7 | . . 1 . . 1 . 2 . 7 1 To Critical Strikes . | . . . . . . . . . . . Average Slot Usage (%) 87 | . 100 99 100 100 97 100 94 85 79 36 Engine 7 | . 14 13 14 14 9 7 6 5 4 . Treads 8 | . 14 14 14 14 15 15 8 . . . Leg 6 | . . . . . 10 23 14 . . . Wheel 5 | . 14 14 14 14 9 7 4 . . . Hover 6 | . . . . . . . 7 23 18 1 Device 13 | . 14 14 14 14 17 15 12 11 15 3 Storage 7 | . 14 14 14 14 9 7 6 5 4 2 Processor 8 | . . . . . 8 7 13 11 10 16 Hackware 2 | . . . . . . . 5 5 3 4 Energy Cannon 3 | . . . . . 13 7 3 5 4 . Ballistic Gun 9 | . 28 28 28 28 3 . 2 8 7 . Launcher 1 | . . . . . 1 7 2 . . . Naked Turns 53 | . . . . . . . . . . 53 Heaviest Build 61 | 13 28 30 30 30 40 36 49 59 61 36 Greatest Support 64 | 16 16 20 16 16 40 40 64 64 64 22 Greatest Overweight (x) 11 | 2 1 1 1 1 2 . 2 . 1 11 Average Overweight (x) . | . . 1 1 1 1 . . . . . Largest Inventory Capacity 15 | 8 15 15 15 15 15 15 15 15 15 8 Average Capacity 13 | 7 9 15 15 15 15 15 15 15 14 6 Most Carried 15 | 6 8 10 11 14 15 15 15 15 15 8 Average Carried 12 | 3 6 9 10 13 14 13 14 14 12 5 Final Capacity 15 | 8 15 15 15 15 15 15 15 15 5 5 Final Carried 15 | 6 8 10 11 14 15 13 15 15 5 5 Class Distribution -------------------- 44% | Mutant 23% | Skirmisher 19% | Scavenger-Mutant 5% | Scavenger-Skirmisher 3% | Derelict-Mutant Dominant Class ---------------- Mutant | -10/Materials Mutant | -10/Mines Mutant | -10/Exiles Skirmisher | -9/Mines Skirmisher | -8/Materials Scavenger-Mutant | -7/Factory Scavenger-Mutant | -6/Factory Skirmisher | -5/Factory Mutant | -4/Factory Mutant | -4/Upper Caves Resources | -11 -10 -10 -10 -9 -8 -7 -6 -5 -4 -4 ----------- Run | Scr Mat Min Exi Min Mat Fac Fac Fac Fac Upp Matter Collected 1166 | 268 . 62 . . 94 . 322 48 152 220 Remotely . | . . . . . . . . . . . Salvage Created 1346 | 47 . 161 . . 322 . 433 48 294 41 Parts 89 | 4 . 14 . . 22 . 26 5 14 4 Haulers Intercepted . | . . . . . . . . . . . Recyclers Shooed 1 | . . . . . . . 1 . . . Parts Field Recycled . | . . . . . . . . . . . Retrieved Matter . | . . . . . . . . . . . Parts Self-Destructed 5 | . . . . . . . . . . 5 Prevented . | . . . . . . . . . . . Kills | -11 -10 -10 -10 -9 -8 -7 -6 -5 -4 -4 ------- Run | Scr Mat Min Exi Min Mat Fac Fac Fac Fac Upp Combat Hostiles Destroyed 28 | . . 2 . . 6 . 9 2 7 2 Guns 15 | . . 2 . . 1 . 9 . 3 . Cannons 9 | . . . . . 5 . . 2 . 2 AOE 4 | . . . . . . . . . 4 . Classes Destroyed 11 | 1 . 2 . . 3 . 2 . 3 . Worker 6 | . . 2 . . . . 4 . . . Builder 1 | . . . . . . . . . 1 . Tunneler 2 | 2 . . . . . . . . . . Operator 2 | . . . . . 1 . . . 1 . Watcher 1 | . . . . . 1 . . . . . Swarmer 9 | . . . . . . . 4 2 1 2 Grunt 9 | . . . . . 5 . 2 . 2 . Duelist 1 | . . . . . . . . . 1 . Sentry 4 | . . 2 . . 1 . 1 . . . Hunter 1 | . . . . . . . . . 1 . Programmer 4 | . . . . . . . 2 . 2 . Best Kill Streak 6 | 2 . 2 . . 3 . 5 2 6 2 Combat Bots Only 4 | . . 2 . . 3 . 4 2 4 2 Max Kills in Single Turn 3 | 1 . 1 . . 1 . 1 1 3 1 Gunslinging . | . . . . . . . . . . . Exploded 2 | . . . . . . . . . 2 . Melee . | . . . . . . . . . . . Uniques/NPCs Destroyed . | . . . . . . . . . . . Combat | -11 -10 -10 -10 -9 -8 -7 -6 -5 -4 -4 -------- Run | Scr Mat Min Exi Min Mat Fac Fac Fac Fac Upp Damage Taken 4964 | . . 206 . . 375 . 707 14 2965 697 Core 1276 | . . 48 . . 29 . 46 . 816 337 Absorbed by Shields . | . . . . . . . . . . . Core Remaining (%) 94 | 100 . . . 80 94 100 94 100 . . Volleys Fired 165 | 4 1 16 . . 25 . 36 3 69 11 Largest 3 | 2 2 2 . . 2 . 2 3 3 3 Hottest 195 | 40 40 40 . . 128 . 124 145 195 183 Shots Fired 295 | 8 2 32 . . 49 . 74 9 92 29 Gun 156 | 8 2 32 . . 14 . 69 6 25 . Cannon 135 | . . . . . 34 . 5 3 64 29 Launcher 4 | . . . . . 1 . . . 3 . Special . | . . . . . . . . . . . Kinetic 140 | 8 2 32 . . 14 . 34 6 15 29 Thermal 151 | . . . . . 34 . 40 3 74 . Explosive 4 | . . . . . 1 . . . 3 . Electromagnetic . | . . . . . . . . . . . Robot Hit Streak 16 | 2 1 11 . . 8 . 10 15 16 4 Robot Miss Streak 6 | 1 1 4 . . 2 . 3 . 6 4 Penetration Max 1 | . . . . . . . . . 1 . Secondary Targets . | . . . . . . . . . . . Shots Hit Robots 136 | 5 1 22 . . 32 . 46 5 15 10 Core Hits 103 | 4 . 13 . . 17 . 23 3 39 4 Critical Kills 1 | . . . . . . . . . . 1 Critical Parts Destroyed 5 | . . . . . . . 1 . 1 3 Critical Strikes 9 | . . . . . . . 4 . 1 4 Burn 3 | . . . . . . . 3 . . . Destroy 6 | . . . . . . . 1 . 1 4 Melee Attacks . | . . . . . . . . . . . Impact . | . . . . . . . . . . . Slashing . | . . . . . . . . . . . Piercing . | . . . . . . . . . . . Sneak Attacks . | . . . . . . . . . . . Combat Hostiles . | . . . . . . . . . . . Follow-up Attacks . | . . . . . . . . . . . Damage Inflicted 3345 | 50 9 186 . . 532 . 1016 135 1282 135 Guns 1554 | 50 9 186 . . 94 . 915 41 259 . Cannons 896 | . . . . . 438 . 101 94 141 122 Explosions 860 | . . . . . . . . . 860 . Melee . | . . . . . . . . . . . Ramming 35 | . . . . . . . . . 22 13 Kinetic 1263 | 50 9 186 . . 94 . 524 41 237 122 Thermal 1187 | . . . . . 438 . 492 94 163 . Explosive 860 | . . . . . . . . . 860 . Electromagnetic . | . . . . . . . . . . . Impact . | . . . . . . . . . . . Slashing . | . . . . . . . . . . . Piercing . | . . . . . . . . . . . Highest Corruption 16 | . . . . . . . 3 1 13 16 Average Corruption 8 | . . . . . . . 2 1 9 13 Corruption Purged . | . . . . . . . . . . . Corruption Blocked . | . . . . . . . . . . . Effects 42 | . . . . . . . 7 . 18 17 Message Errors 10 | . . . . . . . 2 . 4 4 Matter Fused 8 | . . . . . . . . . 4 4 Heat Flow Errors 5 | . . . . . . . . . 1 4 Energy Discharges 1 | . . . . . . . 1 . . . Parts Rejected 1 | . . . . . . . . . 1 . Data Loss (minor) 3 | . . . . . . . 1 . 1 1 Data Loss (major) 4 | . . . . . . . . . 1 3 Misfires 5 | . . . . . . . 2 . 3 . Alerts 3 | . . . . . . . 1 . 1 1 Misdirections 1 | . . . . . . . . . 1 . Weapon Failures 1 | . . . . . . . . . 1 . Overload Shots . | . . . . . . . . . . . Overflow Damage 11 | . . . . . . . . . 11 . Projectiles . | . . . . . . . . . . . Explosions 11 | . . . . . . . . . 11 . Melee . | . . . . . . . . . . . Knockbacks . | . . . . . . . . . . . Impact . | . . . . . . . . . . . Kinetic . | . . . . . . . . . . . Secondary . | . . . . . . . . . . . Self-Inflicted Damage 114 | . . . . . . . . . 108 6 Shots 4 | . . . . . . . . . 4 . Rammed 4 | . . . . . . . . . 1 3 Targets Rammed 4 | . . . . . . . . . 1 3 Kicked . | . . . . . . . . . . . Crushed . | . . . . . . . . . . . Highest Temperature 195 | . . 9 . . 4 . 14 9 133 195 Average Temperature 48 | . . 3 . . 3 . 4 6 41 88 Received Heat Transfer 631 | . . 54 . . 207 . 72 . 271 27 Siege Activations . | . . . . . . . . . . . Robots Corrupted . | . . . . . . . . . . . Combat Hostiles . | . . . . . . . . . . . Parts Fried . | . . . . . . . . . . . Impact Corruptions 1 | . . . . . . . . . 1 . Robots Melted . | . . . . . . . . . . . Combat Hostiles . | . . . . . . . . . . . Parts Melted 3 | . . . . . 1 . 2 . . . Heat Transferred 2196 | . . . . . 740 . 1147 111 198 . Parts Sabotaged . | . . . . . . . . . . . Parts Stolen . | . . . . . . . . . . . Parts Stripped . | . . . . . . . . . . . Power Chain Reactions . | . . . . . . . . . . . Missiles Intercepted . | . . . . . . . . . . . Alert | -11 -10 -10 -10 -9 -8 -7 -6 -5 -4 -4 ------- Run | Scr Mat Min Exi Min Mat Fac Fac Fac Fac Upp Peak Influence 368 | 10 73 73 . . 265 29 191 193 368 . Initial 94 | . 6 28 . . . 29 14 88 94 . Average 68 | 1 41 48 . . 119 29 49 121 109 . Maximum Alert Level 1 | . . . . . 1 . . . 1 . Low Security (%) 95 | 100 100 100 . 100 79 100 100 100 87 . Level 1 4 | . . . . . 20 . . . 12 . Level 2 . | . . . . . . . . . . . Level 3 . | . . . . . . . . . . . Level 4 . | . . . . . . . . . . . Level 5 . | . . . . . . . . . . . High Security . | . . . . . . . . . . . Max Security . | . . . . . . . . . . . Squads Dispatched 15 | . 1 . . . 2 1 4 . 7 . Investigation . | . . . . . . . . . . . Extermination 4 | . . . . . . 1 2 . 1 . Reinforcement 10 | . 1 . . . 2 . 2 . 5 . Assault . | . . . . . . . . . . . Garrison 1 | . . . . . . . . . 1 . Intercept . | . . . . . . . . . . . Searches Triggered . | . . . . . . . . . . . Construction Impeded 2 | . . . . . . . 1 . 1 . Haulers Reinforced 1 | . . . . . . . . . 1 . Active Scanning Responses . | . . . . . . . . . . . Cargo Convoy Interrupts . | . . . . . . . . . . . Stealth | -11 -10 -10 -10 -9 -8 -7 -6 -5 -4 -4 --------- Run | Scr Mat Min Exi Min Mat Fac Fac Fac Fac Upp Distress Signals 2 | . 1 . . . . . . . 1 . Communications Jammed . | . . . . . . . . . . . Distress Signals . | . . . . . . . . . . . Times Spotted 79 | . 4 2 . . 14 . 14 3 31 11 Peak Tracking Total 14 | . 4 2 . . 5 1 4 4 14 5 Tactical Retreats 16 | . 1 . . . 1 . 3 1 7 3 Traps | -11 -10 -10 -10 -9 -8 -7 -6 -5 -4 -4 ------- Run | Scr Mat Min Exi Min Mat Fac Fac Fac Fac Upp Traps Triggered 2 | . . . . . . . . 2 . . Indirectly . | . . . . . . . . . . . Trap Hack Attempts . | . . . . . . . . . . . Triggered . | . . . . . . . . . . . Disarmed . | . . . . . . . . . . . Reprogrammed . | . . . . . . . . . . . Reused . | . . . . . . . . . . . Traps Extracted . | . . . . . . . . . . . Installed . | . . . . . . . . . . . Triggered . | . . . . . . . . . . . Machines | -11 -10 -10 -10 -9 -8 -7 -6 -5 -4 -4 ---------- Run | Scr Mat Min Exi Min Mat Fac Fac Fac Fac Upp Machines Disabled 1 | . . . . . 1 . . . . . Max in Single Turn 1 | . . . . . 1 . . . . . Machines Sabotaged . | . . . . . . . . . . . Garrisons Compromised . | . . . . . . . . . . . Overloaded Fab Kills . | . . . . . . . . . . . Hacking | -11 -10 -10 -10 -9 -8 -7 -6 -5 -4 -4 --------- Run | Scr Mat Min Exi Min Mat Fac Fac Fac Fac Upp Machines Accessed 17 | . 2 . 1 . 1 . 3 1 6 3 Terminals 11 | . 2 . . . 1 . 1 1 6 . Fabricators . | . . . . . . . . . . . Repair Stations . | . . . . . . . . . . . Recycling Units . | . . . . . . . . . . . Scanalyzers 1 | . . . . . . . 1 . . . Garrison Access 1 | . . . . . . . 1 . . . Total Hacks 51 | . 7 . 1 . 2 . 7 7 16 11 Successful 27 | . 3 . 1 . . . 2 2 8 11 Failed 24 | . 4 . . . 2 . 5 5 8 . Catastrophic 1 | . . . . . . . . 1 . . Database Lockouts . | . . . . . . . . . . . Manual 33 | . 7 . 1 . 2 . 4 7 12 . Terminals 36 | . 7 . . . 2 . 4 7 16 . Fabricators . | . . . . . . . . . . . Repair Stations . | . . . . . . . . . . . Recycling Units . | . . . . . . . . . . . Scanalyzers 1 | . . . . . . . 1 . . . Garrison Access 2 | . . . . . . . 2 . . . Terminal Hacks 18 | . 1 . 1 . . . 1 1 3 11 Record 10 | . . . . . . . . . 1 9 Open Door 2 | . . . . . . . . . . 2 Branch Access Points 1 | . 1 . . . . . . . . . Terminal Index 1 | . . . . . . . . 1 . . Alert Level 1 | . . . . . . . . . 1 . Dispatch Records 1 | . . . . . . . . . 1 . Recall Reinforcements 1 | . . . . . . . 1 . . . EX-Prototype ID Bank 1 | . . . 1 . . . . . . . Fabricator Hacks . | . . . . . . . . . . . Repair Station Hacks . | . . . . . . . . . . . Recycling Unit Hacks . | . . . . . . . . . . . Scanalyzer . | . . . . . . . . . . . Garrison Access Hacks . | . . . . . . . . . . . Unauthorized Hacks 9 | . 2 . . . . . 1 1 5 . Terminals 9 | . 2 . . . . . 1 1 5 . Botnet 9 | . 2 . . . . . 1 1 5 . Fabricators . | . . . . . . . . . . . Repair Stations . | . . . . . . . . . . . Recycling Units . | . . . . . . . . . . . Scanalyzers . | . . . . . . . . . . . Garrison Access . | . . . . . . . . . . . Data Cores Recovered . | . . . . . . . . . . . Used . | . . . . . . . . . . . Hacking Detections 13 | . 2 . . . 1 . 3 1 6 . Full Trace Events . | . . . . . . . . . . . Feedback Events . | . . . . . . . . . . . Feedback Blocked . | . . . . . . . . . . . Robot Schematics Acquired . | . . . . . . . . . . . Robots Built . | . . . . . . . . . . . Authchips . | . . . . . . . . . . . Time . | . . . . . . . . . . . Total Robot Build Rating . | . . . . . . . . . . . Part Schematics Acquired . | . . . . . . . . . . . Parts Built . | . . . . . . . . . . . Authchips . | . . . . . . . . . . . Time . | . . . . . . . . . . . Total Part Build Rating . | . . . . . . . . . . . Parts Repaired . | . . . . . . . . . . . Time . | . . . . . . . . . . . Parts Recycled . | . . . . . . . . . . . Recycled Matter . | . . . . . . . . . . . Retrieved Matter . | . . . . . . . . . . . Retrieved Components . | . . . . . . . . . . . Parts Scanalyzed . | . . . . . . . . . . . Part Schematics Acquired . | . . . . . . . . . . . Parts Damaged . | . . . . . . . . . . . Bothacking | -11 -10 -10 -10 -9 -8 -7 -6 -5 -4 -4 ------------ Run | Scr Mat Min Exi Min Mat Fac Fac Fac Fac Upp Used RIF Installer . | . . . . . . . . . . . Robots Hacked . | . . . . . . . . . . . Non-combat . | . . . . . . . . . . . Combat . | . . . . . . . . . . . Robot Hacks Applied . | . . . . . . . . . . . Relay Couplers Released . | . . . . . . . . . . . Fabnet Peak Effective % . | . . . . . . . . . . . Robots Rewired . | . . . . . . . . . . . Allies Hacked . | . . . . . . . . . . . Hacks Repelled . | . . . . . . . . . . . Allies | -11 -10 -10 -10 -9 -8 -7 -6 -5 -4 -4 -------- Run | Scr Mat Min Exi Min Mat Fac Fac Fac Fac Upp Total Allies . | . . . . . . . . . . . Largest Group . | . . . . . . . . . . . Highest-Rated Group . | . . . . . . . . . . . Highest-Rated Ally . | . . . . . . . . . . . Total Orders . | . . . . . . . . . . . Ally Attacks . | . . . . . . . . . . . Total Damage . | . . . . . . . . . . . Kills . | . . . . . . . . . . . Allies Corrupted . | . . . . . . . . . . . Allies Melted . | . . . . . . . . . . . Intel | -11 -10 -10 -10 -9 -8 -7 -6 -5 -4 -4 ------- Run | Scr Mat Min Exi Min Mat Fac Fac Fac Fac Upp Robot Analysis Total . | . . . . . . . . . . . Derelict Logs Recovered 6 | . . 1 . 2 . . . . . 3 Drone Launches . | . . . . . . . . . . . Drone Recoveries . | . . . . . . . . . . . Exploration | -11 -10 -10 -10 -9 -8 -7 -6 -5 -4 -4 ------------- Run | Scr Mat Min Exi Min Mat Fac Fac Fac Fac Upp Turns Passed 4670 | 76 137 541 249 236 443 320 1128 277 788 475 Spaces Moved 3990 | 60 129 425 216 202 224 258 838 378 821 439 Core 396 | 29 . . . . . . . . 25 342 Treads 45 | . . 5 . . 27 . 13 . . . Legs 614 | . . . . . . 258 356 . . . Wheels 1236 | 31 129 420 216 202 197 . 41 . . . Hover 1697 | . . . . . . . 428 378 794 97 Flight 2 | . . . . . . . . . 2 . Fastest Speed 40 | 50 100 115 115 115 115 120 58 58 40 50 Average Speed 98 | 82 102 116 115 115 134 120 111 58 72 94 Slowest Speed 600 | 150 115 240 115 115 240 120 240 58 128 600 Overloaded Moves . | . . . . . . . . . . . Propulsion Burnouts . | . . . . . . . . . . . Robots Hopped . | . . . . . . . . . . . Cave-ins Triggered 1 | . . . . . . . . . 1 . Exploration Rate (%) 32 | 4 33 78 60 54 22 7 22 12 18 49 Regions Visited 10 Branch Regions 4 Pre-discovered Areas 4 | . . . . 1 . . . . . 3 Known Exits Taken 5 | . 1 . . . . 1 1 1 1 . Unknown Exits Taken 5 | 1 . 1 1 1 1 . . . . . Scrap Searched 7 | . . 1 . 2 . . . . . 4 Spaces Dug 58 | . . . . . 6 . . . 52 . Terrain Destroyed 108 | . . . . . 7 . . . 101 . Melee . | . . . . . . . . . . . Projectile 62 | . . . . . 1 . . . 61 . AOE 46 | . . . . . 6 . . . 40 . Terrain Rammed . | . . . . . . . . . . . Walls Destroyed . | . . . . . . . . . . . Machines Disabled . | . . . . . . . . . . . Actions | -11 -10 -10 -10 -9 -8 -7 -6 -5 -4 -4 --------- Run | Scr Mat Min Exi Min Mat Fac Fac Fac Fac Upp Total 4456 | 76 133 445 216 205 318 270 963 431 926 473 Wait 156 | . . 2 . 1 47 2 50 35 17 2 Move 3979 | 59 128 424 215 201 223 257 837 377 819 439 Hop . | . . . . . . . . . . . Pick Up 49 | 6 2 2 1 3 8 4 10 5 3 5 Fast Attach 34 | 7 . 1 . . 4 . 7 5 2 8 Attach 20 | . . . . . 2 3 3 . 8 4 Detach 1 | . . . . . . . 1 . . . Swap 9 | . 1 . . . 3 . 5 . . . Drop 38 | . 1 . . . 6 4 14 6 6 1 Fire 165 | 4 1 16 . . 25 . 36 3 69 11 Melee . | . . . . . . . . . . . Ram 4 | . . . . . . . . . 1 3 Kick . | . . . . . . . . . . . Crush . | . . . . . . . . . . . Escape Stasis 1 | . . . . . . . . . 1 . Rewire . | . . . . . . . . . . . Trap . | . . . . . . . . . . . Miscellaneous . | . . . . . . . . . . . Route ------- -11/Scrapyard -10/Materials -10/Mines (discovered 2 exits: [*Mat] / *Exi) -10/Exiles -9/Mines -8/Materials -7/Factory (discovered 2 exits: *Fac / *Low) -6/Factory -5/Factory -4/Factory -4/Upper Caves History --------- Turn | Location | Event 4 | -11/Scrapyard | Discovered new exit (range 13) 77 | -11/Scrapyard | Entered Materials 140 | -10/Materials | Identified exit to Mines 214 | -10/Materials | Entered Mines 307 | -10/Mines | Build established: Mutant 409 | -10/Mines | Met a Derelict bent on vengeance 428 | -10/Mines | Learned Materials trap positions 449 | -10/Mines | Discovered new exit (range 5) 750 | -10/Mines | Deemed a non-threat by the Exiles lab entrance 751 | -10/Mines | Discovered new exit (range 5) 755 | -10/Mines | Entered Exiles 787 | -10/Exiles | Met 8R-AWN 807 | -10/Exiles | Met EX-HEX 841 | -10/Exiles | Met EX-BIN 854 | -10/Exiles | Aligned with FarCom system 856 | -10/Exiles | Given EX-Vault access code 882 | -10/Exiles | Opened EX-Vault 890 | -10/Exiles | Found Supersonic Drone Bay 913 | -10/Exiles | Warned to stay clear of 0b10 Research branches 947 | -10/Exiles | Met EX-DEC 986 | -10/Exiles | Discovered new exit (range 15) 1004 | -10/Exiles | Left Exiles lab with Supersonic Drone Bay 1004 | -10/Exiles | Entered Mines 1012 | -9/Mines | Received a Rocket Launcher from a helpful Derelict 1123 | -9/Mines | Learned location of Zion (-7) 1173 | -9/Mines | Learned Materials trap positions 1222 | -9/Mines | Discovered new exit (range 16) 1240 | -9/Mines | Entered Materials 1240 | -8/Materials | Evolved 4 slots: Propulsion x2, Utility x2 1241 | -8/Materials | Loaded intel: 10 trap records 1305 | -8/Materials | Build established: Skirmisher 1651 | -8/Materials | Discovered new exit (range 10) 1683 | -8/Materials | Entered Factory 1683 | -7/Factory | Evolved 2 slots: Propulsion x2 1919 | -7/Factory | Discovered new exit (range 5) 1928 | -7/Factory | Identified exit to Factory 1967 | -7/Factory | Build established: Scavenger-Mutant 1969 | -7/Factory | Discovered new exit (range 9) 1979 | -7/Factory | Identified exit to Lower Caves 2003 | -7/Factory | Entered another Factory area 2003 | -6/Factory | Evolved 2 slots: Utility x2 2550 | -6/Factory | Found Prototype Launcher 3113 | -6/Factory | Discovered new exit (range 5) 3130 | -6/Factory | Identified exit to Factory 3131 | -6/Factory | Entered another Factory area 3131 | -5/Factory | Evolved 2 slots: Utility x1, Weapon x1 3206 | -5/Factory | Build established: Mutant 3405 | -5/Factory | Discovered new exit (range 5) 3407 | -5/Factory | Identified exit to Factory 3408 | -5/Factory | Entered another Factory area 3408 | -4/Factory | Evolved 2 slots: Utility x2 3615 | -4/Factory | Discovered new exit (range 6) 3618 | -4/Factory | Identified exit to Upper Caves 3864 | -4/Factory | Crushed by falling debris 3865 | -4/Factory | System corruption reached 10% 3912 | -4/Factory | Lost 5 parts (3n1u1w) 3989 | -4/Factory | Lost 3 parts (2u1w) 4151 | -4/Factory | Lost 3 parts (1u2w) 4161 | -4/Factory | Identified Rocket Array 4170 | -4/Factory | Garrison activated, responded to threat 4189 | -4/Factory | Core integrity fell below 50% 4196 | -4/Factory | Entered Upper Caves 4221 | -4/Upper Caves | Lost 7 parts (1p5n1w) 4321 | -4/Upper Caves | Attracted the attention of an 0b10 checkpoint 4553 | -4/Upper Caves | Released all parts (11) 4555 | -4/Upper Caves | Core integrity fell below 20% 4596 | -4/Upper Caves | Learned 8 Factory zone layouts 4596 | -4/Upper Caves | Learned Research emergency access door positions 4596 | -4/Upper Caves | Learned Extension terminal intel 4596 | -4/Upper Caves | Learned Research terminal intel 4596 | -4/Upper Caves | Learned Extension stockpile data 4628 | -4/Upper Caves | Learned location of Testing (-3) 4631 | -4/Upper Caves | Learned Research garrison access intel 4671 | -4/Upper Caves | Destroyed by S-27 Virus with Autogun Last Messages --------------- 04611_ Acquired Mic. Fission Core. 04612_ Acquired 4 matter. 04616_ Searching scrap... 04616_ Found Imp. Targeting Computer. 04616_ Found Imp. Armor Integrity Analyzer. 04616_ Found Med. Storage Unit. 04616_ Found Adv. Signal Interpreter. 04616_ Found Authchip [Processor]. 04616_ Found 28 Matter. 04618_ Acquired 28 matter. 04620_ System corrupted: Substantial component data lost. 04620_ Acquired Authchip [Processor]. 04628_ Acquired derelict log, extracted data. World map updated: -3/Testing. 04631_ Acquired derelict log, extracted data. Data stored: Research garrison access intel. 04637_ NNKSXL127|6ZR#3Z=NZ 04656_ System corrupted: IFF burst signal emitted. 04664_ Antigrav System destroyed. Map ----- +----------------------------------------------------+ | ## ## #?# ### ] #???? | | ###"""" ""### ### ##?# ## #####??? | | #####"""""### #### #### ##????? | | ######### ## ## ## ###??# #?????# | | ## # ### #????# #?????# ## | | ############# #????# #?????##?## | | ##################??????????# #????# ########??# | | ??????????????????????? #????# #??? | | ?????????????????? ????####### #??? | | ????????????????? ??????????# #??? | | ????????????????? ## ## ?????????# #??? | | ????????????????????###??## #????##### #??? | | ??????????????????????????### ##???# #??? | | ???????????????????????????## #???# ###? | | ??????????????????????????## ???## ## | | ??????????????????????????# #????# # | | ??????????????????????????# ####### | | ??????????????????????##### ### ## | | ??????????????????????# ## ## | | ????????????????####??# | | ????????????????# #??# | | ????????????????# ### ### | | ?????????????????# ## ### | | ??????????????????# #?# | | ??????????????????## ### # | | ???????????????????## @ ## ## | | ????????????????????## sss ##? | | ????????????????????## #?? | | ????????????????????# #?? | | ????????????????????# ### ############# #?? | | ????????????????????# #?## #????????????##?? | | ????????????????????# #??## #??????????????? | | ????????????????????## ##???## ?????????????? | | ?????????????????????###?????# #???????????? | | ?????????????????????????????# #??????????? | | ?????????????????????????????# #??????????? | | ?????????????????????????????# ##??????????? | | ?????????????????????????????#### #???????????? | | ????????????????????????????????? #???????????? | | ????????????????????????????????? ???????????? | | ????????????????????????????????? ?????????????? | | ?????????????????????????????????????????????????? | | ?????????????????????????????????????????????????? | | ?????????????????????????????????????????????????? | | ?????????????????????????????????????????????????? | | ?????????????????????????????????????????????????? | | ?????????????????????????????????????????????????? | | ?????????????????????????????????????????????????? | | ?????????????????????????????????????????????????? | | ?????????????????????????????????????????????????? | +----------------------------------------------------+ Best States ------------- Heat Dissipation 79 Coolant Potential 100 Energy Generation 18 Energy Capacity 300 Matter Stores 300 Matter Capacity 300 Sight Range 16 Terrain Scan Range 16 Terrain Scan Density 210 Armor Coverage 150 Evasion (%) 55 Recoil Reduction 2 Offensive Hacking 10 Authchip Count 1 Item Schematics ----------------- None Robot Schematics ------------------ None Fabricated ------------ Nothing Alien Tech Used ----------------- None Achievements -------------- None Challenges ------------ None Game ------ Seed BiocellCoolantNanovents Manual? 0 Play Time 00:47:11 Cumulative 53.7 hours Start 2022.04.02 @ 14:46:44 End 2022.04.02 @ 15:31:46 Sessions 1 Manual Loads 0 Difficulty Rogue Special Mode None Game No. 88 Rogue 88 Adventurer 0 Explorer 0 Win Type - Total 0 Types 0/0/0/0/0/0/0/0/0 Lore% 37 Gallery% 47 Achievement% 31 Wizard Run 0 Options --------- ASCII 0 Keyboard 0 Movement Numpad Keybinds 0 Fullscreen 1 Font 18/SmallcapsGlow Map View 76x50 Tactical HUD 1 Map Filters NONE Filters NONE Steam 1 RUN: 8dcc4077-4026-4bf3-8227-2cc7b2009bc3